Map: Traitor's Exile

Players

MonstroTown - Winner!

  • Race: Protoss Protoss
  • Spawn Location: 5:00

Michael - Winner!

  • Race: Protoss Protoss
  • League: Gold
  • Spawn Location: 6:00

A.I. 2 (Harder)

  • Race: Zerg Zerg
  • Spawn Location: 12:00

A.I. 3 (Harder)

  • Race: Terran Terran
  • Spawn Location: 9:00

VOD

Have the link to the VOD?

Description

Time

  • Played on: Sept. 28, 2018, 10:21 p.m.
  • Length: 12:50
Show
View Real Time Build Order
Export as new Build Order

MonstroTown Protoss - Winner!

Build Orders:  

Get SALT Encoding   

  1  0:00  Probe  
  13  0:15  Pylon  
  13  0:18  Probe  
  14  0:30  Probe  
  14  0:33  Assimilator  
  15  0:42  Probe  
  16  0:50  Gateway  
  16  0:57  Probe  
  17  1:10  Assimilator  
  17  1:23  Probe  
  18  1:42  Cybernetics Core  
  18  1:44  Zealot  
  20  1:53  Gateway  
  20  1:55  Gateway  
  20  2:06  Probe  
  20  2:16  Pylon  
  20  2:19  Warp Gate  
  20  2:25  Pylon  
  20  2:33  Probe, Stalker  
  23  2:48  Stalker  
  25  2:52  Sentry  
  27  3:10  Probe  
  28  3:19  Pylon  
  28  3:22  Probe  
  29  3:34  Probe  
  30  3:46  Probe  
  31  3:52  Nexus  
  31  4:25  Stargate  
  31  4:29  Probe  
  32  4:44  Pylon  
  32  4:49  Forge  
  32  4:52  Pylon  
  32  5:35  Robotics Facility  
  32  5:42  Stalker  
  34  5:58  Zealot  
  34  5:59  Zealot  
  32  6:09  Probe x2  
  28  6:21  Probe x2, Gateway  
  28  6:24  Gateway  
  28  6:25  Immortal  
  28  6:32  Gateway  
  28  6:35  Gateway  
  32  6:46  Protoss Ground Weapons Level 1  
  35  7:02  Zealot x3  
  38  7:19  Warp Prism  
  40  7:26  Robotics Bay  
  40  7:33  Pylon  
  40  7:37  Pylon  
  40  7:44  Stalker x3  
  29  8:13  Pylon  
  29  8:23  Zealot x4  
  29  8:24  Zealot x2  
  47  8:35  Disruptor  
  47  8:37  Probe  
  47  8:40  Probe  
  46  8:45  Probe  
  46  8:52  Probe  
  48  9:04  Zealot x4  
  48  9:05  Zealot x2  
  54  9:14  Stalker  
  36  9:40  Zealot x2  
  36  9:41  Zealot x3  
  43  10:09  Pylon  
  43  10:11  Zealot x3  
  43  10:12  Zealot x2  
  43  10:20  Disruptor  
  46  10:27  Stalker  
  44  10:48  Stalker x2  
  42  10:58  Twilight Council  
  42  11:11  Zealot x4  
  44  11:12  Zealot  
  44  11:14  Zealot  
  46  11:53  Stalker x5  
  46  11:54  Stalker x2  
Show
View Real Time Build Order
Export as new Build Order

Michael Protoss - Winner!

Build Orders:  

Get SALT Encoding   

  1  0:00  Probe  
  12  0:05  Probe  
  14  0:20  Pylon  
  14  0:25  Probe  
  15  0:38  Probe  
  15  0:42  Gateway  
  16  0:50  Probe  
  16  0:55  Pylon  
  17  0:58  Probe  
  18  1:06  Probe, Assimilator  
  19  1:19  Gateway  
  19  1:26  Probe  
  20  1:38  Probe  
  21  1:42  Cybernetics Core  
  21  1:47  Forge  
  21  1:50  Probe  
  22  1:56  Zealot  
  22  1:58  Probe  
  24  2:06  Probe  
  26  2:20  Warp Gate  
  26  2:27  Nexus  
  26  2:37  Probe  
  27  2:48  Assimilator  
  27  2:49  Probe  
  28  2:56  Protoss Shields Level 1  
  28  3:07  Pylon  
  28  3:09  Probe  
  29  3:21  Probe  
  29  3:23  Gateway, Pylon  
  29  3:24  Pylon  
  30  3:33  Probe  
  31  3:36  Probe  
  32  3:44  Probe  
  32  3:45  Probe  
  34  3:54  Probe  
  34  3:58  Probe  
  36  4:06  Probe  
  37  4:10  Probe  
  37  4:11  Stargate  
  37  4:13  Gateway  
  38  4:18  Probe  
  38  4:22  Probe  
  40  4:30  Robotics Facility, Probe  
  41  4:33  Pylon  
  41  4:38  Gateway  
  41  4:39  Gateway  
  41  4:43  Probe x2  
  43  4:55  Probe x2  
  45  5:05  Zealot  
  45  5:06  Stalker  
  49  5:07  Zealot  
  49  5:10  Zealot  
  53  5:40  Zealot  
  53  5:41  Zealot, Stalker  
  53  5:42  Pylon  
  59  5:44  Stalker  
  51  5:57  Void Ray  
  51  6:02  Zealot  
  51  6:03  Zealot  
  51  6:04  Immortal  
  56  6:20  Zealot x2  
  56  6:21  Zealot  
  56  6:24  Zealot x3  
  62  6:27  Zealot x2  
  62  6:28  Zealot  
  62  6:30  Void Ray  
  62  6:34  Immortal  
  70  6:57  Twilight Council  
  70  7:04  Pylon  
  70  7:05  Pylon  
  70  7:06  Pylon  
  70  7:08  Pylon  
  70  7:09  Pylon  
  70  7:34  Probe  
  70  7:36  Assimilator  
  70  7:39  Probe, Nexus  
  70  7:41  Charge, Assimilator  
  70  7:43  Probe, Pylon  
  72  7:49  Protoss Ground Weapons Level 1  
  74  7:51  Probe x2  
  74  7:55  Zealot x2  
  79  8:03  Probe  
  80  8:31  Pylon  
  80  8:33  Immortal  
  84  8:35  Void Ray  
  84  8:39  Pylon  
  68  8:50  Pylon  
  68  8:53  Stalker  
  68  8:54  Zealot x2  
  68  8:55  Zealot x3  
  67  9:07  Gateway x2  
  67  9:09  Gateway  
  67  9:11  Gateway  
  67  9:14  Gateway x2  
  67  9:16  Gateway  
  67  9:18  Probe x2, Gateway  
  67  9:19  Probe  
  70  9:28  Zealot x2  
  70  9:29  Zealot, Immortal  
  70  9:30  Zealot x3, Probe  
  70  9:31  Probe x2  
  89  9:39  Void Ray  
  89  9:42  Probe  
  89  9:43  Probe x2  
  96  9:55  Probe x3  
  99  10:04  Warp Prism  
  90  10:07  Probe x3  
  90  10:09  Zealot x2  
  90  10:10  Zealot x3  
  90  10:11  Zealot  
  90  10:13  Zealot  
  96  10:16  Zealot  
  96  10:19  Probe x2  
  96  10:23  Zealot x3  
  102  10:31  Zealot x3  
  102  10:34  Zealot  
  110  10:37  Zealot  
  110  10:46  Zealot x4  
  118  10:54  Zealot x3  
  118  11:12  Stalker x3  
  118  11:13  Stalker x2  
  118  11:14  Stalker  
  130  11:24  Void Ray  
  130  11:31  Immortal  
  130  11:33  Zealot x2  
  130  11:34  Zealot  
  132  11:51  Stalker x2  
  132  11:52  Stalker x3  
  132  11:53  Zealot  
  142  11:56  Zealot  
  144  12:01  Zealot  
  144  12:04  Zealot  
Show
View Real Time Build Order
Export as new Build Order

A.I. 2 (Harder) Zerg 

Build Orders: Pool First, Muta Ling Bane, Zergling Baneling 

Get SALT Encoding   

  12  0:01  Drone  
  13  0:12  Overlord  
  13  0:18  Drone  
  14  0:30  Drone  
  14  0:31  Drone  
  16  0:44  Spawning Pool  
  16  0:46  Drone  
  16  0:51  Drone  
  16  0:54  Extractor  
  16  0:56  Drone  
  17  1:06  Overlord  
  17  1:31  Zergling x2  
  18  1:33  Queen  
  18  1:34  Zergling x2  
  18  1:38  Roach Warren, Drone  
  21  1:44  Extractor  
  20  1:49  Drone  
  21  1:55  Baneling Nest  
  21  2:00  Drone  
  21  2:10  Drone  
  22  2:21  Zergling x2  
  23  2:32  Drone  
  24  2:39  Overlord, Baneling x3, Zergling x2  
  24  2:42  Zergling x2  
  26  2:45  Zergling x2  
  27  2:54  Drone  
  27  2:58  Baneling  
  28  3:04  Baneling  
  28  3:05  Zergling x2  
  29  3:08  Baneling  
  29  3:11  Zergling x2  
  30  3:14  Metabolic Boost, Zergling x2  
  30  3:19  Zergling x2  
  32  3:26  Overlord  
  32  3:30  Zergling x2  
  33  3:38  Zergling x2  
  34  3:43  Zergling x2  
  34  3:46  Zergling x2  
  36  3:49  Zergling x2  
  36  3:52  Baneling x3  
  36  3:54  Zergling x2  
  38  3:57  Baneling  
  38  4:01  Zergling x2  
  39  4:04  Baneling  
  39  4:05  Baneling  
  39  4:12  Zergling x2  
  39  4:16  Overlord  
  40  4:19  Drone  
  40  4:23  Drone  
  42  4:27  Drone  
  43  4:36  Drone  
  44  4:42  Evolution Chamber  
  43  4:47  Drone x3  
  46  5:42  Overlord, Lair  
  46  5:44  Zerg Melee Weapons Level 1  
  40  5:54  Hatchery  
  30  6:07  Drone  
  31  6:33  Zergling x2  
  32  6:42  Spire  
  31  6:50  Baneling  
  31  6:51  Burrow, Baneling, Zergling x2  
  32  7:07  Drone x2  
  32  7:08  Drone x4  
  36  7:09  Drone x3  
  36  7:11  Baneling  
  36  7:12  Baneling  
  36  7:14  Drone  
  42  7:17  Extractor  
  42  7:20  Drone  
  42  7:24  Drone  
  42  7:27  Drone  
  42  7:29  Drone  
  45  7:31  Drone  
  45  7:33  Drone  
  45  7:36  Drone  
  48  7:38  Zerg Ground Armor Level 1, Drone  
  48  7:40  Drone  
  50  7:44  Drone  
  50  7:46  Drone  
  52  7:54  Centrifical Hooks  
  52  7:55  Drone  
  52  7:56  Mutalisk  
  52  7:58  Overlord  
  55  8:03  Zergling x2  
  56  8:09  Mutalisk  
  58  8:15  Mutalisk  
  58  8:17  Overlord  
  60  8:21  Mutalisk  
  62  8:27  Extractor  
  62  8:28  Drone, Mutalisk  
  62  8:29  Spore Crawler  
  62  8:30  Drone  
  64  8:34  Mutalisk  
  64  8:35  Spore Crawler  
  58  8:42  Baneling  
  58  8:48  Zergling x2, Roach  
  55  8:51  Roach  
  51  8:57  Mutalisk  
  51  8:58  Drone  
  51  8:59  Drone x2  
  51  9:00  Drone x4  
  51  9:01  Drone  
  51  9:04  Drone, Baneling, Zergling x2  
  51  9:11  Drone x15, Zergling x2  
  51  9:12  Drone  
  51  9:15  Drone  
  50  9:18  Drone x13  
  50  9:19  Drone  
  50  9:20  Drone  
  50  9:22  Drone  
  50  9:23  Drone  
  50  9:26  Drone  
  51  9:32  Zerg Missile Weapons Level 1  
  51  9:33  Drone x2  
  51  9:34  Baneling x2  
  51  9:37  Zergling x2  
  54  9:41  Drone  
  54  9:44  Drone  
  56  9:47  Drone  
  56  9:50  Drone  
  58  9:55  Drone  
  58  9:59  Pneumatized Carapace, Drone  
  60  10:01  Drone x10  
  60  10:03  Drone  
  51  10:32  Hydralisk Den  
  50  10:37  Drone x11  
  50  10:39  Drone x2  
  47  10:48  Overseer x2  
  47  10:50  Evolution Chamber  
  47  10:52  Drone  
  46  11:00  Hydralisk  
  48  11:07  Hydralisk  
  48  11:11  Drone x4  
  45  11:13  Drone, Hydralisk  
  45  11:20  Mutalisk  
  45  11:22  Drone x3  
  45  11:23  Drone x9  
  42  11:26  Mutalisk  
  42  11:33  Hydralisk  
  42  11:35  Drone x10  
  42  11:36  Drone x5  
  42  11:38  Drone x2  
  42  11:39  Corruptor, Drone  
  46  11:46  Drone  
  48  11:59  Drone  
  48  12:00  Infestation Pit, Drone  
  47  12:02  Drone  
  47  12:06  Drone  
  47  12:08  Drone x2  
  42  12:11  Drone  
Show
View Real Time Build Order
Export as new Build Order

A.I. 3 (Harder) Terran 

Build Orders: MMM Bio 

Get SALT Encoding   

  12  0:01  SCV  
  13  0:13  SCV  
  14  0:20  Supply Depot  
  14  0:25  SCV  
  15  0:42  SCV  
  16  0:46  Barracks  
  16  0:52  Refinery  
  16  0:54  SCV  
  17  1:06  SCV  
  18  1:18  SCV  
  19  1:24  Supply Depot  
  19  1:30  SCV  
  19  1:32  Marine  
  21  1:44  Barracks, Orbital Command  
  21  1:50  Marine  
  21  1:51  Refinery  
  22  2:09  Barracks Tech Lab, Supply Depot  
  22  2:27  Marine  
  23  2:33  Marine  
  24  2:45  Marine  
  24  2:46  Supply Depot  
  25  2:51  Marine  
  26  3:02  Marine  
  27  3:09  Marine  
  28  3:16  Supply Depot  
  28  3:21  Marauder  
  28  3:26  SCV  
  31  3:27  Marine  
  32  3:38  SCV  
  32  3:39  Engineering Bay  
  33  3:42  Marauder  
  33  3:45  Marine  
  36  3:50  SCV  
  37  4:02  SCV  
  38  4:04  Marauder  
  38  4:05  Supply Depot  
  40  4:14  SCV  
  41  4:25  Marauder  
  41  4:26  SCV  
  44  4:46  Marauder  
  46  5:08  Marauder  
  48  5:29  Marauder  
  50  5:39  Barracks Tech Lab  
  50  5:41  Stimpack, Factory, Terran Infantry Weapons Level 1  
  50  5:44  Ghost Academy  
  50  5:45  Factory  
  50  5:49  Supply Depot  
  50  5:50  Marine  
  50  5:51  Command Center  
  51  5:57  Combat Shields, Marine  
  52  6:08  Marine  
  53  6:15  Marine  
  52  6:25  Ghost, Factory Tech Lab  
  52  6:27  Starport  
  52  6:32  Starport, Factory Tech Lab  
  54  6:33  Ghost  
  56  6:41  Missile Turret  
  56  6:47  Missile Turret  
  56  6:54  Marine  
  57  7:01  Marine  
  57  7:04  SCV x2  
  60  7:12  Missile Turret, Marine  
  61  7:16  SCV, Concussive Shells, Refinery  
  61  7:17  SCV  
  61  7:19  Bunker, Starport Tech Lab x2, Marine  
  64  7:27  Missile Turret  
  64  7:28  SCV  
  64  7:29  SCV  
  66  7:35  Terran Infantry Armor Level 1  
  66  7:39  Raven x2  
  66  7:40  SCV  
  66  7:41  SCV  
  72  7:47  Bunker  
  72  7:52  SCV  
  72  7:53  SCV  
  72  7:54  Sensor Tower  
  72  7:57  Marine  
  71  8:03  Marine  
  71  8:04  SCV  
  67  8:07  SCV  
  58  8:15  Marine  
  58  8:16  SCV  
  60  8:20  SCV  
  60  8:21  Marauder  
  63  8:28  SCV  
  63  8:32  Marine  
  63  8:33  SCV  
  66  8:40  SCV  
  67  8:42  Marauder  
  63  8:51  Marauder  
  63  8:58  Refinery  
  63  9:03  Marine  
  63  9:09  Supply Depot  
  64  9:10  Raven  
  64  9:12  Marine  
  67  9:19  Armory  
  67  9:21  SCV, Marine  
  69  9:29  Barracks  
  69  9:30  Marauder  
  71  9:39  Ghost  
  73  9:51  Marine  
  74  9:57  Siege Tank  
  77  10:00  Factory  
  77  10:03  Supply Depot  
  77  10:04  Siege Tank  
  77  10:05  Starport  
  77  10:10  Marine  
  77  10:11  Command Center  
  72  10:16  Barracks Reactor  
  72  10:17  Marauder  
  64  10:28  Marine  
  60  10:30  Thor  
  60  10:31  Medivac  
  69  10:38  Marine  
  69  10:40  Medivac  
  69  10:42  Starport Reactor  
  72  10:43  Factory Tech Lab  
  72  10:46  Marine  
  64  10:50  Widow Mine  
  61  11:01  Viking  
  61  11:02  Hellion  
  61  11:10  Viking, Marauder  
  56  11:11  Hellion  
  56  11:16  Marine  
  45  11:22  Hellion  
  47  11:31  Marine  
  48  11:36  Marine  
  48  11:37  SCV x2  
  27  11:49  Marine  
  16  11:55  SCV  
  15  12:03  SCV  
  11  12:18  SCV  
  11  12:19  SCV  
  11  12:30  SCV  
Tags
 
Add a new tag
Caveats
  • Supply blocks, unpowered buildings, or Contaminate may cause inaccurate times.
  • Supply counts are checked every 10 seconds.